 Dungeon Crawl Stone Soup version 0.19-a0-1720-gc855d72 (webtiles) character file.

8261 p0werm0de the Warrior (level 11, -2/102 HPs)
             Began as a Formicid Hunter on Sept 29, 2016.
             Was a Follower of Uskayaw.
             Slain by Psyche the boggart
             ... wielding a +0 dagger of distortion
              (5 damage)
             ... on level 9 of the Dungeon.
             The game lasted 00:28:20 (12073 turns).

p0werm0de the Warrior (Formicid Hunter)            Turns: 12073, Time: 00:28:20

Health: -2/102     AC: 19    Str: 22    XL:     11   Next: 52%
Magic:  0/11       EV: 10    Int: 13    God:    Uskayaw [*.....]
Gold:   512        SH:  0    Dex: 14    Spells: 0 memorised, 10 levels left

rFire  . . .     SeeInvis +     a - +0 scimitar
rCold  . . .     Gourm    .     q - +3 chain mail
rNeg   . . .     Faith    .     (no shield)
rPois  .         Spirit   +     (helmet unavailable)
rElec  .         Dismiss  .     (no cloak)
rCorr  .         Reflect  .     K - +0 pair of gloves
MR     ++...     Harm     .     (no boots)
Stlth  ..........               p - amulet of guardian spirit
                                (no ring)
                                y - ring of protection from magic

@: mighty
A: permanent stasis, dig shafts and tunnels, four strong arms, antennae 3,
talons 1, iridescent scales 1, clever 1
a: Dig, Shaft Self, Stomp, Renounce Religion


You were on level 9 of the Dungeon.
You worshipped Uskayaw.
Uskayaw was noncommittal.
You were not hungry.

You visited 2 branches of the dungeon, and saw 10 of its levels.
You visited the Abyss 1 time.

You collected 600 gold pieces.
You spent 88 gold pieces at shops.

Inventory:

Hand Weapons
 a - a +0 scimitar (weapon)
 b - a +1 dagger of venom
 c - a +2 hand crossbow
 h - a +2 halberd of venom
 z - a +0 dagger of draining
 M - a +1 whip of freezing
 Q - a -3 eveningstar
 W - a +3 shortbow
Missiles
 d - 109 bolts
 k - 8 needles of confusion
 m - 63 poisoned needles
 v - 21 sling bullets
 w - 44 arrows
 J - 7 tomahawks (quivered)
 X - 2 throwing nets
Armour
 e - a +2 robe of magic resistance
 q - a +3 chain mail (worn)
 H - a +0 ice dragon armour
 K - a +0 pair of gloves (worn)
Magical Staves
 l - an uncursed staff of air
Jewellery
 p - an amulet of guardian spirit (around neck)
 y - a ring of protection from magic (left hand)
 R - an uncursed ring of fire
Wands
 I - a wand of slowing (22/48)
 P - a wand of slowing (34/48)
 S - a wand of polymorph (0/24)
 V - a wand of digging (16/24)
Scrolls
 j - a scroll of amnesia {unknown}
 o - 3 scrolls of remove curse
 r - a scroll of fog {unknown}
 s - 4 scrolls of enchant weapon
 t - 3 scrolls of immolation
 B - 2 scrolls of noise
 C - a scroll of identify
 T - a scroll of torment {unknown}
 U - 2 scrolls of recharging
 Z - a scroll of summoning {unknown}
Potions
 g - 2 potions of flight
 i - 4 potions of curing
 x - 2 potions of mutation
 A - 2 potions of resistance {unknown}
 D - a potion of invisibility {unknown}
 E - a potion of cancellation {unknown}
 F - 2 potions of magic
 L - 3 potions of brilliance {unknown}
Books
 G - a book of Power

   Spells                             Type                      Level
   a - Fulminant Prism                Conjuration/Hexes            4
   b - Iskenderun's Mystic Blast      Conjuration                  4
   c - Venom Bolt                     Conjuration/Poison           5
   d - Bolt of Magma                  Conjuration/Fire/Earth       5
   e - Iron Shot                      Conjuration/Earth            6
   f - Orb of Destruction             Conjuration                  7
   g - Spellforged Servitor           Conjuration/Summoning        7
 N - a book of Enchantments

   Spells                             Type                      Level
   a - Cause Fear                     Hexes                        4
   b - Yara's Violent Unravelling     Hexes/Transmutation          5
   c - Silence                        Hexes/Air                    5
   d - Deflect Missiles               Charms/Air                   6
   e - Haste                          Charms                       6
   f - Discord                        Hexes                        8
 O - a book of Enchantments

   Spells                             Type                      Level
   a - Cause Fear                     Hexes                        4
   b - Yara's Violent Unravelling     Hexes/Transmutation          5
   c - Silence                        Hexes/Air                    5
   d - Deflect Missiles               Charms/Air                   6
   e - Haste                          Charms                       6
   f - Discord                        Hexes                        8
Comestibles
 f - 6 bread rations
 u - 2 meat rations
 Y - 7 slices of pizza


   Skills:
 - Level 15.0 Fighting
 - Level 4.0 Crossbows
 - Level 9.9 Armour
 * Level 3.1 Dodging
 - Level 1.2 Stealth


You had 10 spell levels left.
You didn't know any spells.

Dungeon Overview and Level Annotations

Branches:
Dungeon (9/15)             Temple (1/1) D:5
   Lair: D:8-11         Orc: D:9-12

Altars:
Ashenzari
Dithmenos
Elyvilon
Fedhas
Gozag
Kikubaaqudgha
Makhleb
Nemelex Xobeh
Okawaru
Ru
Uskayaw
Xom
Yredelemnul

Shops:
D:4 !

Annotations:
D:3 Xiguana's ghost, amateur DsCK
D:6 Grinder
D:8 Prince Ribbit
D:9 Psyche


Innate Abilities, Weirdness & Mutations

You are under a permanent stasis effect.
You can dig through walls and to a lower floor.
Your four strong arms can wield two-handed weapons with a shield.
You have a pair of large antennae on your head. (SInv)
You have sharp toenails.
You are partially covered in iridescent scales. (AC +2)
Your mind is acute. (Int +2)


Message History

Welcome back to the Dungeon! x2
Level annotation: Psyche Psyche picks up a fuming orange potion.
Unknown command.
Unknown command.
You barely miss Psyche. Your kick misses Psyche.
Psyche zaps a wand.
The bolt of lightning misses you. x2
You slash Psyche! Your kick misses Psyche.
Psyche is heavily wounded.
Psyche zaps a wand.
The bolt of lightning hits you! The bolt of lightning misses you.
Psyche zaps a wand.
The bolt of lightning hits you!
* * * LOW HITPOINT WARNING * * *
The bolt of lightning hits you!
* * * LOW HITPOINT WARNING * * *
Okay, then.
You feel mightier all of a sudden. Psyche hits you but does no damage.
Space bends around you.
You die...

#####.... #......#
#......# #......#
##......## #..........
#†##.#..... #####.# .#
#### #..@g.# .#
#######.#####..#
########..........#..##
..................#.##
.....................#
...............).....#
...........#.........#
..........>..........#
#####.../............#


You could see Psyche the boggart.

Vanquished Creatures
  Pikel (D:5)
  2 hippogriffs
  A large abomination (Abyss:1)
  2 wyverns
  10 yaks
  A human (D:8)
  Edmund (D:6)
  2 water moccasins
  6 sky beasts
  2 ice beasts
  A necrophage (D:7)
  2 orc warriors (D:8)
  A phantom (D:4)
  3 ogres
  2 wasps (D:9)
  3 centaurs
  A black bear (D:6)
  A wolf (D:9)
  6 bullfrogs
  A gnoll sergeant (D:8)
  11 scorpions
  12 killer bees
  8 howler monkeys
  5 jellies
  2 crimson imps
  A centaur zombie (D:5)
  5 hounds
  6 orc priests
  7 orc wizards
  2 bullfrog skeletons
  Jessica (D:6)
  2 iguanas
  6 worker ants
  A worker ant zombie (D:6)
  6 gnolls
  14 adders
  A shadow imp (D:9)
  A white imp (Abyss:1)
  An ooze (D:2)
  2 adder zombies
  3 adder skeletons
  A worm (D:2)
  A dart slug (D:1)
  6 leopard geckos
  29 orcs
  10 bats
  5 giant cockroaches
  8 goblins
  6 hobgoblins
  7 jackals
  4 kobolds
  A quokka (D:6)
  2 ball pythons
  7 frilled lizards
  A quokka skeleton (D:4)
  11 rats
  2 fungi (D:7)
247 creatures vanquished.

Vanquished Creatures (others)
  An ogre (D:5)
  A centaur (D:5)
  A centaur zombie (D:5)
  An adder (D:5)
  An adder skeleton (D:5)
  A worm (D:5)
6 creatures vanquished.

Grand Total: 253 creatures vanquished

Notes
Turn   | Place    | Note
-------+----------+-------------------------------------------
     0 | D:1      | p0werm0de the Formicid Hunter began the quest for the Orb.
     0 | D:1      | Reached XP level 1. HP: 16/16 MP: 1/1
    65 | D:1      | Reached XP level 2. HP: 23/23 MP: 2/2
    69 | D:1      | Reached skill level 3 in Fighting
   336 | D:1      | Reached XP level 3. HP: 17/29 MP: 3/3
   891 | D:2      | Reached skill level 4 in Fighting
   995 | D:2      | Found a shadowy altar of Dithmenos.
  1095 | D:2      | Reached XP level 4. HP: 38/38 MP: 4/4
  1660 | D:2      | Reached skill level 5 in Fighting
  2474 | D:3      | Reached XP level 5. HP: 40/44 MP: 5/5
  2804 | D:3      | Noticed Xiguana's ghost (amateur DsCK)
  2959 | D:4      | Reached skill level 6 in Fighting
  2959 | D:4      | Reached XP level 6. HP: 45/52 MP: 3/6
  3002 | D:4      | Noticed a phantom
  3048 | D:4      | Killed a phantom
  3048 | D:4      | Reached skill level 7 in Fighting
  3510 | D:4      | Reached XP level 7. HP: 45/61 MP: 4/7
  3557 | D:4      | Found Zietsyos's Distillery.
  3573 | D:4      | Bought a potion of might for 44 gold pieces
  3573 | D:4      | Bought a potion of might for 44 gold pieces
  3704 | D:4      | Reached skill level 8 in Fighting
  3870 | D:4      | Gained mutation: Your mind is acute. (Int +2) [potion of mutation]
  3870 | D:4      | Gained mutation: You have sharp toenails. [potion of mutation]
  3870 | D:4      | Gained mutation: You are partially covered in iridescent scales. (AC +2) [potion of mutation]
  4115 | D:5      | Entered Level 5 of the Dungeon
  4203 | D:5      | Noticed Pikel
  4231 | D:5      | Killed Pikel
  4231 | D:5      | Reached skill level 10 in Fighting
  4231 | D:5      | Reached XP level 8. HP: 46/72 MP: 6/8
  4272 | D:5      | Found a basalt altar of Yredelemnul.
  4717 | D:5      | Found a staircase to the Ecumenical Temple.
  4733 | Temple   | Entered the Ecumenical Temple
  4768 | Temple   | Became a worshipper of Uskayaw the Reveler
  4803 | D:5      | Reached * piety under Uskayaw
  4807 | D:5      | Reached ** piety under Uskayaw
  4998 | D:5      | Reached skill level 11 in Fighting
  5364 | D:6      | Reached XP level 9. HP: 70/81 MP: 7/9
  5409 | D:6      | Reached *** piety under Uskayaw
  5481 | D:6      | Reached skill level 12 in Fighting
  5555 | D:6      | Noticed Grinder
  6256 | D:7      | Found a sacrificial altar of Ru.
  6297 | D:7      | Noticed a hippogriff
  6312 | D:7      | Killed a hippogriff
  6312 | D:7      | Reached skill level 13 in Fighting
  6538 | D:7      | Reached **** piety under Uskayaw
  6588 | D:7      | Found an ancient bone altar of Kikubaaqudgha.
  6674 | D:7      | Found an opulent altar of Gozag.
  6917 | D:6      | Reached XP level 10. HP: 73/93 MP: 10/10
  7122 | D:6      | Reached skill level 14 in Fighting
  7160 | D:6      | Noticed Edmund
  7184 | D:6      | Killed Edmund
  7209 | D:6      | Found a sparkling altar of Nemelex Xobeh.
  7209 | D:6      | Noticed Jessica
  7214 | D:6      | Killed Jessica
  7397 | D:6      | You fall through a shaft for 3 floors!
  7971 | D:8      | Reached skill level 15 in Fighting
  8028 | D:8      | Reached skill level 1 in Armour
  8040 | D:8      | Reached skill level 2 in Armour
  8303 | D:8      | Reached skill level 3 in Armour
  8336 | D:8      | Reached skill level 4 in Armour
  8739 | D:8      | Reached skill level 5 in Armour
  9056 | D:9      | Reached skill level 6 in Armour
  9286 | D:8      | Reached XP level 11. HP: 57/102 MP: 5/11
  9307 | D:8      | HP: 5/102 [yak (8)]
  9718 | D:8      | Reached skill level 7 in Armour
 10084 | D:9      | Reached skill level 8 in Armour
 10640 | D:9      | Found a burning altar of Makhleb.
 10849 | D:8      | Reached skill level 9 in Armour
 11172 | D:9      | Noticed Prince Ribbit
 11395 | D:8      | Reached ***** piety under Uskayaw
 11765 | D:9      | Noticed Psyche
 11767 | D:9      | Reached skill level 2 in Dodging
 11799 | D:9      | Noticed Psyche
 11799 | D:9      | Psyche changed into Psyche the boggart
 11802 | D:9      | Cast into level 1 of the Abyss (Psyche)
 11844 | Abyss:1  | Noticed a flayed ghost
 11861 | Abyss:1  | Reached skill level 3 in Dodging
 11979 | Abyss:1  | Found a corrupted altar of Lugonu.
 11984 | Abyss:1  | Noticed a thrashing horror
 12070 | D:9      | Escaped the Abyss
 12072 | D:9      | HP: 3/102 [Psyche the boggart/wand of lightning (18)]
 12073 | D:9      | Slain by Psyche the boggart

Vault maps used:
D:1:      co_arrival_random_square_maze, minmay_misc_feat_columns, minivault_19,
          grunt_decor_arrowhead
D:2:      nicolae_dithmenos_shadow_blocks
D:3:      gammafunk_temple_overflow_statue, tso_altar
D:4:      serial_shops, shop_fountains, hangedman_abyss_or_decor_lesser_grid,
          amethyst_killhole
D:5:      lemuel_doored_altar, first_bread, tgw_sif, uniq_pikel
D:6:      marbit_many_paths, nemelex_lonely_heart_becter, uniq_edmund,
          uniq_grinder
D:7:      old_forge, overflow_temple_1_default, old_standard_altar,
          kiku_gazebo_pond_becter
D:8:      mumra_transporter_accident, kennysheep_generic_room_8
D:9:      kennysheep_mini_moat, old_standard_altar, grunt_pizzeria, uniq_psyche,
          uniq_grum, uniq_prince_ribbit1
Temple:   compressed_dpeg_circular_temple
Abyss:2:  evilmike_abyss_exit_11

Skill      XL: |  1  2  3  4  5  6  7  8  9 10 11 |
---------------+----------------------------------+-----
Fighting       | 3 4 5 6 7 10 11 13 15 | 15.0
Armour         | 6 9 |  9.9
Dodging        | 3 |  3.1
Crossbows      | |  4.0
Stealth        | |  1.2

Action                   |  1- 3 |  4- 6 |  7- 9 | 10-12 || total
-------------------------+-------+-------+-------+-------++-------
Melee: Hand axe          |    27 |     9 |       |       ||    36
       Long sword        |       |   190 |    80 |       ||   270
       Kick              |       |       |   133 |   193 ||   326
       Scimitar          |       |       |   319 |   446 ||   765
       Dagger            |       |       |     7 |   159 ||   166
 Fire: Hand crossbow     |    48 |    18 |     2 |     2 ||    70
 Abil: Dig               |       |       |     3 |     9 ||    12
       Shaft Self        |       |       |       |     1 ||     1
Evoke: Wand              |       |       |     1 |     8 ||     9
  Use: Scroll            |       |       |     7 |     5 ||    12
       Potion            |       |       |     2 |    11 ||    13
 Stab: Paralysed         |       |       |     7 |    12 ||    19
  Eat: Chunk             |       |     7 |     7 |    12 ||    26
       Fruit             |       |     1 |     1 |     1 ||     3
       Meat ration       |       |       |     1 |     1 ||     2
       Pizza             |       |       |       |     1 ||     1
Armor: Leather armour    |     3 |       |       |       ||     3
       Ring mail         |    20 |    91 |    29 |       ||   140
       Ice dragon armour |       |       |   173 |   258 ||   431
       Robe              |       |       |     9 |       ||     9
       Chain mail        |       |       |       |   114 ||   114
Dodge: Dodged            |    44 |   117 |   208 |   303 ||   672
